 Dungeon Crawl Stone Soup version 0.27-a0-797-g27d10ad80f (webtiles) character file.

Game seed: 11196949440444884227

91 polve the Slasher (level 4, -3/35 HPs)
             Began as a Demonspawn Abyssal Knight on Mar 27, 2021.
             Was a Believer of Lugonu.
             Slain by Grinder (5 damage)
             ... on level 3 of the Dungeon.
             The game lasted 00:01:39 (3097 turns).

polve the Slasher (Demonspawn Abyssal Knight)       Turns: 3097, Time: 00:01:39

Health: -3/35      AC:  4    Str: 10 (12) XL:     4   Next: 33%
Magic:  5/5        EV: 11    Int: 12 (14) God:    Lugonu [**....]
Gold:   179        SH:  0    Dex: 12 (13) Spells: 3/3 levels left

rFire    . . .     SeeInvis .   a - +1 falchion
rCold    . . .     Faith    .   (no shield)
rNeg     . . .     Spirit   .   b - +1 leather armour
rPois    .         Reflect  .   (no helmet)
rElec    .         Harm     .   (no cloak)
rCorr    .         Rampage  .   (no gloves)
Will     .....                  (no boots)
Stlth    +.........             (no amulet)
HPRegen  0.11/turn              (no ring)
MPRegen  0.09/turn              (no ring)

@: flying
A: spiny 1
a: Renounce Religion, Depart the Abyss, Bend Space


You were on level 3 of the Dungeon.
You worshipped Lugonu.
Lugonu was pleased with you.
You visited 1 branch of the dungeon, and saw 3 of its levels.
You visited the Abyss 1 time.

You collected 179 gold pieces.

Inventory:

Hand Weapons
 a - a +1 falchion (weapon)
Armour
 b - a +1 leather armour (worn)
 g - a +0 helmet
Scrolls
 c - 2 scrolls of identify {unknown}
Potions
 d - a potion of flight


   Skills:
 - Level 3.0 Fighting
 + Level 4.2 Long Blades
 - Level 1.7 Armour
 - Level 0.8 Dodging
 - Level 2.4 Invocations


You had 3 spell levels left.
You didn't know any spells.
Your spell library contained the following spells:

 Spells                   Type           Power      Damage    Failure   Level
 Magic Dart               Conj           0%         1d3       41%         1
 Blink                    Tloc           N/A        N/A       54%         2
 Call Imp                 Summ           0%         N/A       54%         2
 Slow                     Hex            0%         N/A       54%         2
 Conjure Flame            Conj/Fire      0%         6-21      78%         3
 Mephitic Cloud           Conj/Pois/Air  0%         N/A       78%         3


Dungeon Overview and Level Annotations

Branches:
Dungeon (3/15)

Altars:

Annotations:
D:3 Grinder


Innate Abilities, Weirdness & Mutations

You are partially covered in sharp spines.


Message History

You see here 22 stones.
You now have 163 gold pieces (gained 8).
You now have 179 gold pieces (gained 16).
Key pressed, stopping explore.
Grinder comes into view.
Grinder shouts!
Grinder blinks!
Grinder moves out of view.
Grinder is nearby!
Grinder is nearby!
Grinder rolls her eyes.
Grinder is struck by your spines. Grinder barely misses you.
You hit Grinder.
Grinder is lightly wounded.
Grinder gestures at you.
You suddenly lose the ability to move!
Grinder is struck by your spines. Grinder hits you.
You writhe in agony.
Grinder gestures at you.
You barely resist. Grinder gestures at you. Pain shoots through your body!
Grinder hits you.
You can move again.
It was a potion of flight.
You feel very buoyant.
You fly up into the air.
Grinder hits you.
You writhe in agony.
* * * LOW HITPOINT WARNING * * *
It was a potion of degeneration.
There was something very wrong with that liquid.
You feel weakened.
You feel dopey.
You feel clumsy. Grinder barely misses you.
You riposte.
You closely miss Grinder.
Grinder is lightly wounded.
You hit Grinder.
Grinder is moderately wounded.
Grinder hits you!
* * * LOW HITPOINT WARNING * * *
As you read the scroll labelled PUC OMOREAKKOC, it crumbles to dust.
It is a scroll of enchant armour.
Your +0 leather armour glows green for a moment.
Grinder hits you.
You die...

#..##.## ##.....
#..###.###.###.#
#..# ##.#.## #.#
###..#####..####.>
#.................
#.#..##.##...###..
#.#..##.##...# ##.
#.#..........# #.
#@##.##.###..# #.
#5##.##..##..# #.
#.##.........# #.
#.######.###.# #.
#.# #.# #.# #. #.#
##.###.# #.
#.#####...##.# #.
#.......#....# #.
######.).#### #.


You could see Grinder.

Vanquished Creatures
  3 adders
  A dart slug (D:3)
  9 ball pythons
  4 endoplasms
  5 giant cockroaches
  5 goblins
  4 hobgoblins (D:1)
  3 jackals (D:2)
  7 quokkas
  3 bats (D:1)
  4 frilled lizards
  4 kobolds
  5 rats
57 creatures vanquished.

Notes
Turn   | Place    | Note
-------+----------+-------------------------------------------
     0 | Abyss:1  | polve the Demonspawn Abyssal Knight began the quest for the
                  | Orb.
     0 | Abyss:1  | Reached XP level 1. HP: 18/18 MP: 2/2
    54 | Abyss:1  | Noticed a storm dragon zombie
    83 | D:1      | Escaped the Abyss
   120 | D:1      | Reached skill level 2 in Long Blades
   242 | D:1      | Gained mutation: You are partially covered in sharp spines.
                  | [demonic ancestry]
   242 | D:1      | Reached XP level 2. HP: 14/24 MP: 3/3
   400 | D:1      | Reached * piety under Lugonu
   669 | D:1      | Reached skill level 3 in Long Blades
   884 | D:1      | Reached XP level 3. HP: 29/29 MP: 4/4
  1668 | D:2      | Reached ** piety under Lugonu
  2228 | D:3      | Reached skill level 4 in Long Blades
  2228 | D:3      | Reached XP level 4. HP: 33/35 MP: 5/5
  3084 | D:3      | Noticed Grinder
  3089 | D:3      | Paralysed by Grinder for 5 turns
  3097 | D:3      | Slain by Grinder

Illustrated notes

Levels and vault maps discovered:
D:1:      shiori_arrival_maze, layout_basic
D:2:      layout_loops_ring
D:3:      layout_loops_ring, uniq_grinder

Skill      XL: |  1  2  3 |
---------------+----------+-----
Long Blades    | 2 3 4 |  4.2
Fighting       | |  3.0
Armour         | |  1.7
Dodging        | |  0.8
Invocations    | |  2.4

Action                   |  1- 3 |  4- 6 || total
-------------------------+-------+-------++-------
Melee: Falchion          |    89 |    22 ||   111
Invok: Depart the Abyss  |     1 |       ||     1
  Use: Scroll            |     1 |     1 ||     2
       Potion            |       |     2 ||     2
Armor: Leather armour    |    22 |     4 ||    26
Dodge: Dodged            |    59 |     7 ||    66
       Rpst.: Falchion   |    24 |     1 ||    25

Table legend: (Time is in decaauts)
 A = Elapsed time spent in this place.
 B = Non-inter-level travel time spent in this place.
 C = Inter-level travel time spent in this place.
 D = Time resting spent in this place.
 E = Time spent auto-exploring this place.
 F = Levels seen in this place.
 G = Mean time per level.
                   A        B        C        D        E       F      G
               +--------+--------+--------+--------+--------+-----+--------+
         Total |   3111 |   3079 |     32 |      0 |   2752 |   4 |  777.8 |
       Dungeon |   3028 |   2996 |     32 |      0 |   2699 |   3 | 1009.3 |
         Abyss |     83 |     83 |      0 |      0 |     53 |   1 |   83.0 |
               +--------+--------+--------+--------+--------+-----+--------+

Top non-repeatable levels by time:
     D:1: 1400 daAuts
     D:3: 900 daAuts
     D:2: 728 daAuts
 Abyss:1: 83 daAuts
